Map: 2000 Atmospheres LE

Players

MCanning - Winner!

  • Race: Protoss Protoss
  • League: Master

Azure

  • Race: Terran Terran
  • League: Grandmaster

VOD

Have the link to the VOD?

Description

Time

  • Played on: April 18, 2022, 2:33 a.m.
  • Length: 10:13
Show
View Real Time Build Order
Export as new Build Order

MCanning Protoss - Winner!

Build Orders: 1 Gate Expand, Blink Stalkers 

Get SALT Encoding   

  12  0:00  Probe  
  13  0:12  Probe  
  14  0:17  Pylon  
  14  0:24  Probe  
  15  0:36  Probe (Chrono Boost)  
  15  0:37  Gateway  
  16  0:47  Assimilator, Probe (Chrono Boost)  
  17  0:52  Probe (Chrono Boost)  
  18  1:03  Probe  
  19  1:15  Probe  
  20  1:22  Nexus  
  20  1:36  Probe  
  20  1:37  Cybernetics Core  
  21  1:43  Assimilator  
  21  1:48  Probe  
  21  1:50  Pylon  
  22  2:00  Probe  
  23  2:09  Probe  
  23  2:10  Adept (Chrono Boost)  
  23  2:15  Warp Gate  
  26  2:17  Probe  
  27  2:23  Twilight Council  
  27  2:26  Probe  
  28  2:33  Stalker  
  28  2:36  Probe (Chrono Boost)  
  31  2:43  Probe (Chrono Boost)  
  32  2:48  Probe (Chrono Boost)  
  33  2:54  Blink (Chrono Boost)  
  33  2:55  Probe x2 (Chrono Boost)  
  35  3:02  Probe  
  35  3:04  Probe  
  37  3:14  Probe  
  37  3:16  Probe  
  37  3:17  Stalker  
  41  3:26  Probe  
  40  3:28  Probe  
  40  3:30  Gateway  
  40  3:32  Gateway  
  41  3:34  Shield Battery  
  41  3:38  Probe  
  41  3:40  Pylon  
  43  3:41  Probe  
  43  3:47  Robotics Facility  
  43  3:50  Probe  
  43  3:53  Assimilator, Probe  
  46  4:02  Probe  
  46  4:04  Sentry  
  46  4:05  Probe  
  46  4:07  Pylon  
  49  4:14  Probe  
  50  4:23  Probe  
  51  4:25  Nexus  
  51  4:26  Pylon  
  51  4:28  Stalker  
  53  4:33  Stalker  
  44  4:49  Probe  
  44  4:52  Probe  
  46  4:57  Observer  
  47  5:00  Stalker x2  
  47  5:01  Probe (Chrono Boost)  
  47  5:04  Charge  
  53  5:08  Probe (Chrono Boost)  
  53  5:14  Probe (Chrono Boost)  
  54  5:21  Probe (Chrono Boost)  
  56  5:22  Probe (Chrono Boost)  
  56  5:25  Gateway x2  
  56  5:28  Probe  
  56  5:31  Sentry  
  56  5:34  Observer  
  60  5:37  Gateway  
  60  5:41  Observer, Gateway  
  60  5:44  Stalker  
  60  5:45  Probe (Chrono Boost)  
  60  5:46  Probe (Chrono Boost)  
  65  5:54  Probe (Chrono Boost)  
  65  5:57  Probe x2 (Chrono Boost)  
  67  6:01  Robotics Bay  
  67  6:02  Probe (Chrono Boost)  
  68  6:07  Shield Battery, Probe (Chrono Boost)  
  68  6:08  Probe (Chrono Boost)  
  70  6:11  Observer (Chrono Boost)  
  74  6:18  Probe x2 (Chrono Boost)  
  74  6:19  Forge  
  74  6:20  Sentry  
  74  6:21  Probe (Chrono Boost)  
  74  6:23  Probe (Chrono Boost)  
  74  6:25  Probe  
  78  6:30  Immortal (Chrono Boost)  
  82  6:34  Shield Battery  
  82  6:37  Zealot  
  84  6:41  Pylon  
  84  6:47  Pylon  
  84  6:48  Pylon  
  84  6:53  Assimilator  
  84  7:00  Protoss Ground Armor Level 1 (Chrono Boost)  
  83  7:01  Zealot x5  
  83  7:04  Disruptor (Chrono Boost)  
  83  7:05  Photon Cannon  
  96  7:11  Photon Cannon  
  96  7:12  Pylon  
  96  7:16  Extended Thermal Lance  
  96  7:17  Probe  
  96  7:20  Forge  
  96  7:22  Gateway  
  97  7:27  Robotics Facility, Probe  
  97  7:28  Assimilator  
  97  7:29  Probe  
  99  7:30  Assimilator  
  99  7:36  Zealot x3  
  105  7:39  Colossus (Chrono Boost)  
  111  7:47  Probe  
  111  7:48  Probe  
  111  7:49  Zealot x2  
  117  8:00  Dark Shrine  
  117  8:08  Nexus  
  117  8:09  Protoss Ground Weapons Level 1 (Chrono Boost)  
  117  8:10  Pylon  
  117  8:12  Pylon  
  117  8:27  Colossus  
  117  8:28  Probe x2  
  117  8:30  Probe  
  117  8:31  Stalker x3  
  132  8:41  Disruptor  
  132  8:42  Probe  
  132  8:54  Pylon x2  
  124  8:56  Pylon  
  124  8:57  Zealot x5  
  124  8:59  Zealot  
  130  9:06  Photon Cannon  
  122  9:17  Disruptor  
  122  9:19  Probe (Chrono Boost)  
  122  9:21  Probe (Chrono Boost)  
  127  9:25  Photon Cannon  
  127  9:33  Probe (Chrono Boost)  
  127  9:34  Stalker x3  
  127  9:36  Probe (Chrono Boost)  
  124  9:47  Zealot x5  
  134  9:57  Stalker x2  
  128  10:02  Stalker  
Show
View Real Time Build Order
Export as new Build Order

Azure Terran 

Build Orders:  

Get SALT Encoding   

  12  0:00  SCV  
  13  0:12  SCV  
  14  0:17  Supply Depot  
  14  0:25  SCV  
  15  0:38  SCV  
  15  0:40  Barracks  
  16  0:44  Refinery  
  16  0:51  SCV  
  17  1:03  SCV  
  18  1:15  SCV  
  19  1:27  Orbital Command, Marine  
  20  1:42  Command Center  
  20  1:53  SCV  
  21  2:00  Factory  
  21  2:04  Barracks Reactor  
  21  2:05  SCV  
  22  2:12  Supply Depot  
  22  2:17  SCV  
  23  2:25  Refinery  
  23  2:26  Bunker  
  23  2:34  SCV  
  24  2:45  Starport  
  24  2:46  SCV  
  24  2:50  Hellion  
  24  2:51  Hellion  
  29  2:58  SCV  
  29  3:02  Orbital Command  
  30  3:12  Hellion, Widow Mine  
  34  3:18  SCV  
  35  3:28  SCV  
  35  3:29  Medivac  
  35  3:30  SCV  
  35  3:31  Supply Depot  
  39  3:36  Widow Mine x2  
  39  3:40  SCV  
  44  3:42  SCV  
  44  3:43  Barracks Tech Lab  
  45  3:49  Supply Depot  
  45  3:53  SCV  
  45  3:54  SCV  
  47  4:05  Starport Tech Lab  
  47  4:07  SCV  
  47  4:08  SCV  
  47  4:09  Supply Depot  
  49  4:14  Marine  
  49  4:15  Siege Tank, Marine  
  54  4:19  SCV  
  54  4:21  SCV  
  56  4:33  Marine  
  53  4:48  Siege Tank, SCV x2  
  53  4:50  Raven  
  53  4:51  Barracks  
  58  4:53  Command Center  
  58  4:54  Barracks  
  58  4:55  Marine x2  
  58  4:58  Supply Depot  
  58  5:00  SCV x2  
  60  5:11  Engineering Bay, Refinery  
  60  5:12  SCV  
  62  5:14  SCV  
  62  5:15  Marine x2  
  64  5:24  SCV  
  64  5:26  SCV  
  66  5:33  Factory Reactor  
  66  5:34  Marine x2  
  68  5:37  SCV  
  68  5:38  SCV, Terran Infantry Weapons Level 1  
  70  5:43  Starport Reactor  
  70  5:47  Marine  
  70  5:48  Stimpack  
  70  5:49  SCV, Marine  
  73  5:50  SCV  
  73  5:52  Marine  
  73  5:56  Barracks  
  75  5:58  Barracks  
  75  5:59  Refinery  
  75  6:00  Supply Depot x2  
  75  6:01  SCV  
  75  6:02  SCV  
  77  6:04  Marine  
  77  6:05  Marine, Orbital Command  
  77  6:08  Combat Shield  
  77  6:09  Marine  
  77  6:10  Widow Mine x2  
  84  6:13  SCV  
  84  6:15  Supply Depot  
  84  6:18  Marine  
  86  6:22  Marine  
  86  6:23  Medivac  
  89  6:28  Medivac  
  89  6:30  SCV x2  
  89  6:31  SCV  
  94  6:36  Marauder, Supply Depot  
  94  6:37  Marauder  
  94  6:38  Supply Depot  
  98  6:41  Widow Mine x2  
  102  6:47  Marine x2, Barracks Reactor, Orbital Command  
  102  6:49  Barracks Reactor  
  103  7:03  Marauder x2  
  103  7:05  SCV x2  
  103  7:07  Widow Mine x2  
  113  7:09  Medivac  
  113  7:13  SCV  
  116  7:17  SCV x2  
  116  7:19  Medivac, Marine x2  
  122  7:24  Supply Depot  
  122  7:25  Supply Depot, SCV  
  122  7:26  Supply Depot  
  122  7:29  Armory, SCV x2  
  125  7:30  Engineering Bay  
  125  7:32  Refinery  
  125  7:34  Marine  
  131  7:37  Marauder x2, SCV  
  131  7:40  Supply Depot  
  131  7:41  SCV x2  
  133  7:47  Barracks Tech Lab  
  133  7:49  SCV  
  133  7:50  Marine x2  
  136  7:52  Widow Mine x2  
  136  7:53  SCV  
  136  7:54  SCV  
  146  7:58  Marauder x2, Medivac x2  
  146  8:01  SCV  
  146  8:04  Missile Turret  
  146  8:05  Supply Depot, SCV  
  151  8:06  Supply Depot, SCV  
  151  8:10  Bunker  
  151  8:11  Marauder  
  155  8:13  Missile Turret, SCV  
  155  8:18  Widow Mine x2, SCV, Marine x3  
  164  8:23  Concussive Shells  
  166  8:27  Marauder  
  166  8:33  Marauder, Marine  
  169  8:34  Supply Depot  
  169  8:35  SCV  
  169  8:36  Supply Depot  
  169  8:38  Marine  
  169  8:39  Marauder  
  173  8:46  Marine  
  156  8:48  Marauder  
  156  8:50  Marine x2  
  156  8:54  Marauder  
  156  8:56  Widow Mine, Marine  
  156  8:57  Widow Mine, SCV x2  
  156  8:59  SCV  
  156  9:00  Marauder  
  162  9:04  Marine  
  162  9:08  Marine  
  162  9:09  Supply Depot, SCV  
  162  9:10  SCV  
  153  9:19  Marine x2  
  153  9:20  Marauder x2  
  153  9:21  Marine  
  153  9:22  SCV  
  161  9:27  Marine  
  161  9:28  Marine  
  163  9:32  Supply Depot  
  163  9:35  Refinery, Bunker  
  163  9:37  Marine  
  164  9:39  Marauder  
  164  9:41  Marauder  
  148  9:47  Marauder, Marine x2  
Tags
 
Add a new tag
Caveats
  • Supply blocks, unpowered buildings, or Contaminate may cause inaccurate times.
  • Supply counts are checked every 10 seconds.